[Event "Asian Zonal 3.3 Women 2019"]
[Site "Ulaanbaatar"]
[Date "2019.04.12"]
[Round "6.16"]
[White "Anujin, Bat-Amgalan"]
[Black "Urangoo, Kherlenzorig"]
[Result "0-1"]
[ECO "A00"]
[WhiteElo "1407"]
[BlackElo "1475"]
[Annotator "NA RC"]
[PlyCount "136"]
[EventDate "2019.04.07"]
[EventType "swiss"]
[EventRounds "9"]
[EventCountry "MGL"]
[SourceTitle "playchess.com"]
[Source "ChessBase"]
[SourceQuality "1"]
[TimeControl "40/5400+30:1800+30"]

1. d4 d5 2. Bf4 Nf6 3. e3 e6 4. Nf3 c5 5. c3 Nc6 6. Nbd2 Be7 7. Ne5 a6 8. Bd3 Bd6 9. Ndf3 h6 10. a3 Nh5 11. Bg3 Nxg3 12. hxg3 Bxe5 13. Nxe5 Nxe5 14. dxe5 Qc7 15. f4 b5 16. Qg4 g6 17. Qh4 Qe7 18. Rd1 Bb7 19. Qxe7+ Kxe7 20. Kf2 Rad8 21. Be2 f6 22. exf6+ Kxf6 23. Rd2 e5 24. Rhd1 Rde8 25. Bf3 e4 26. Be2 Bc6 27. b3 c4 28. bxc4 bxc4 29. Rb2 Rb8 30. Rdb1 Rb5 31. a4 Rxb2 32. Rxb2 Bxa4 33. Rb6+ Kg7 34. Rxa6 Bc2 35. Rd6 Rb8 36. Rxd5 Bd3 37. Bxd3 cxd3 38. c4 Rb2+ 39. Kf1 Rb1+ 40. Kf2 Rb2+ 41. Kf1 Rb1+ 42. Kf2 Rc1 43. Rd4 h5 44. c5 Kf6 45. c6 Rc2+ 46. Kf1 Rc1+ 47. Kf2 Kf5 48. Rd5+ Kf6 49. Rd4 Kf5 50. Rd5+ Kf6 51. Rd4 Rc2+ 52. Kf1 Rxc6 53. Ke1 Rc1+ 54. Kf2 Rc2+ 55. Kf1 g5 56. Rd6+ Kf5 57. Rd5+ Ke6 58. Re5+ Kf6 59. Rd5 gxf4 60. gxf4 Re2 61. Rxh5 Rxe3 62. Rd5 Ke6 63. Ra5 Re2 64. Ra3 Rc2 65. Ke1 Kf5 66. Ra4 Rxg2 67. Kf1 Rc2 68. Ke1 Kxf4 0-1

[Event "Asian Zonal 3.3 Women 2019"]
[Site "Ulaanbaatar"]
[Date "2019.04.12"]
[Round "6.17"]
[White "Enkhnasan, Namjiljav"]
[Black "Udval, Enkhsaikhan"]
[Result "0-1"]
[ECO "A00"]
[WhiteElo "1610"]
[BlackElo "1761"]
[Annotator "NA RC"]
[PlyCount "72"]
[EventDate "2019.04.07"]
[EventType "swiss"]
[EventRounds "9"]
[EventCountry "MGL"]
[SourceTitle "playchess.com"]
[Source "ChessBase"]
[SourceQuality "1"]
[TimeControl "40/5400+30:1800+30"]

1. d4 d5 2. c4 c6 3. e3 Nf6 4. Nf3 Nbd7 5. Bd3 e6 6. O-O dxc4 7. Bxc4 b5 8. Bd3 Bd6 9. a4 b4 10. Nbd2 Bb7 11. Nc4 Be7 12. Nce5 O-O 13. b3 c5 14. Bb2 a5 15. Rc1 Nxe5 16. Nxe5 Rc8 17. f3 Bd6 18. Nc4 Bb8 19. dxc5 Rxc5 20. Bd4 Rd5 21. Be4 Nxe4 22. fxe4 Qh4 23. e5 Ba7 24. Rf4 Qxf4 25. exf4 Rxd4 26. Kh1 Rxd1+ 27. Rxd1 Bd5 28. Nxa5 Be3 29. Rf1 Ra8 30. Nc4 Bxc4 31. bxc4 Rxa4 32. Rd1 h6 33. g3 b3 34. Rb1 Rb4 35. Kg2 b2 36. Kf3 Bc1 0-1

[Event "Asian Zonal 3.3 Women 2019"]
[Site "Ulaanbaatar"]
[Date "2019.04.12"]
[Round "6.18"]
[White "Ng, Sau Wai"]
[Black "Margadgua, Erdenebayar"]
[Result "0-1"]
[ECO "A00"]
[WhiteElo "1154"]
[BlackElo "1585"]
[Annotator "NA RC"]
[PlyCount "48"]
[EventDate "2019.04.07"]
[EventType "swiss"]
[EventRounds "9"]
[EventCountry "MGL"]
[SourceTitle "playchess.com"]
[Source "ChessBase"]
[SourceQuality "1"]
[TimeControl "40/5400+30:1800+30"]

1. Nf3 d5 2. g3 c6 3. Bg2 Nf6 4. d3 Bg4 5. O-O Nbd7 6. Nbd2 e5 7. e4 Bd6 8. c4 Nc5 9. Qc2 dxe4 10. Nxe4 Nfxe4 11. dxe4 Qf6 12. Bg5 Qg6 13. Be3 Qxe4 14. Ne1 Qxc2 15. Nxc2 O-O 16. f4 Nd3 17. b3 Be2 18. Rfb1 exf4 19. Bxf4 Nxf4 20. gxf4 Bd3 21. Rd1 Bc5+ 22. Kh1 Bxc2 23. Rd7 Rab8 24. h3 Rfd8 0-1

[Event "Asian Zonal 3.3 Women 2019"]
[Site "Ulaanbaatar"]
[Date "2019.04.12"]
[Round "6.19"]
[White "Khanyl, Chuluuntuya"]
[Black "Lkhagvajed, Gantulga"]
[Result "0-1"]
[ECO "A00"]
[WhiteElo "1375"]
[BlackElo "1344"]
[Annotator "NA RC"]
[PlyCount "66"]
[EventDate "2019.04.07"]
[EventType "swiss"]
[EventRounds "9"]
[EventCountry "MGL"]
[SourceTitle "playchess.com"]
[Source "ChessBase"]
[SourceQuality "1"]
[TimeControl "40/5400+30:1800+30"]

1. e4 c5 2. Nf3 Nc6 3. d4 cxd4 4. Nxd4 Nf6 5. Nc3 e5 6. Ndb5 d6 7. a4 a6 8. Na3 Be7 9. Bg5 Be6 10. Nc4 Rc8 11. Bxf6 gxf6 12. Ne3 Nd4 13. Bd3 Qd7 14. O-O f5 15. exf5 Nxf5 16. Bxf5 Bxf5 17. f4 e4 18. Ncd5 Qe6 19. Qd4 Rg8 20. Nxe7 Kxe7 21. Nd5+ Kf8 22. Nf6 Rg7 23. Nh5 Rg6 24. c3 Qc4 25. Qd2 Qc5+ 26. Kh1 e3 27. Qe1 Bd3 28. Rf3 Qxh5 29. Qxe3 Bf5 30. Qd4 Kg8 31. Qd5 Re8 32. Qxb7 Be4 33. Qd7 Bxf3 0-1

[Event "Asian Zonal 3.3 Women 2019"]
[Site "Ulaanbaatar"]
[Date "2019.04.13"]
[Round "7.1"]
[White "Munguntuul, Batkhuyag"]
[Black "Munkhzul, Turmunkh"]
[Result "0-1"]
[ECO "B94"]
[WhiteElo "2415"]
[BlackElo "2348"]
[Annotator "ChessBase"]
[PlyCount "80"]
[EventDate "2019.04.07"]
[EventType "swiss"]
[EventRounds "9"]
[EventCountry "MGL"]
[SourceTitle "playchess.com"]
[Source "ChessBase"]
[SourceQuality "1"]
[TimeControl "40/5400+30:1800+30"]

1. e4 c5 2. Nf3 d6 3. d4 cxd4 4. Nxd4 Nf6 5. Nc3 a6 6. Nb3 e5 7. Bg5 Be6 8. Bxf6 gxf6 9. Nd5 Nd7 10. Be2 Nb6 11. O-O Nxd5 12. exd5 Bd7 13. Bd3 f5 14. Qh5 Qf6 15. Na5 Rb8 16. a4 Rg8 17. Qe2 Be7 18. c3 Bd8 19. Nc4 Rc8 20. Kh1 Kf8 21. f4 e4 22. Bc2 h5 23. Rad1 h4 24. Rd4 b5 25. Na3 Bb6 26. Rd2 Qg6 27. axb5 axb5 28. Bd1 Re8 29. Nxb5 Bf2 30. Rg1 Bxg1 31. Kxg1 e3 32. Rc2 Bxb5 33. Qxb5 Qh6 34. Qc4 Re4 35. Qc8+ Kg7 36. Qxf5 Rxf4 37. Qd3 Qf6 38. Bf3 Kh8 39. Be2 Rf2 40. Bf1 e2 0-1

[Event "Asian Zonal 3.3 Women 2019"]
[Site "Ulaanbaatar"]
[Date "2019.04.13"]
[Round "7.4"]
[White "Aulia, Medina Warda"]
[Black "Altantuya, Boldbaatar"]
[Result "1-0"]
[ECO "C06"]
[WhiteElo "2362"]
[BlackElo "2223"]
[Annotator "ChessBase"]
[PlyCount "147"]
[EventDate "2019.04.07"]
[EventType "swiss"]
[EventRounds "9"]
[EventCountry "MGL"]
[SourceTitle "playchess.com"]
[Source "ChessBase"]
[SourceQuality "1"]
[TimeControl "40/5400+30:1800+30"]

1. e4 e6 2. d4 d5 3. Nd2 Nf6 4. e5 Nfd7 5. Bd3 c5 6. c3 Nc6 7. Ne2 Qb6 8. Nf3 cxd4 9. cxd4 Bb4+ 10. Bd2 f6 11. exf6 Nxf6 12. O-O O-O 13. a3 Bd6 14. Bc3 Re8 15. Ne5 Bd7 16. Ng3 Re7 17. Kh1 Rf8 18. f4 a5 19. Qd2 a4 20. Rae1 Qc7 21. Qd1 Na7 22. Qe2 b5 23. Qd2 Nc6 24. Qe2 Na7 25. Nxd7 Qxd7 26. Nh5 Qb7 27. Bc2 Nc6 28. Ng3 Qb8 29. Qd2 Ne8 30. Ne2 Ref7 31. g3 g6 32. Ng1 Ng7 33. Nf3 Be7 34. Kg2 Qb6 35. h4 Qb7 36. Nh2 Kh8 37. Ng4 Bd6 38. Nh2 Qd7 39. Nf3 Be7 40. Rh1 Rb8 41. Ng5 Bxg5 42. hxg5 Kg8 43. Rh2 Nf5 44. Reh1 Qb7 45. g4 Nfe7 46. Kg3 Qc7 47. Re1 Rbf8 48. Rf2 Qd6 49. Qe3 Nd8 50. Bb4 Qb8 51. Bc5 Re8 52. Rh1 Nb7 53. Bb4 Nc6 54. Rfh2 Rg7 55. Bc3 Nd6 56. Kg2 Nc4 57. Qg3 Qc7 58. Re1 Ree7 59. Rhh1 Nd6 60. Re2 Qd7 61. Rhe1 Rgf7 62. Bd3 Nc4 63. Rh1 Qd6 64. Rf2 b4 65. axb4 Nxb4 66. Be2 Rb7 67. Ra1 Nb6 68. Bb5 Ra7 69. f5 Qxg3+ 70. Kxg3 Na6 71. fxe6 Rxf2 72. Kxf2 Nc7 73. Bd7 Nxd7 74. exd7 1-0

[Event "Asian Zonal 3.3 Women 2019"]
[Site "Ulaanbaatar"]
[Date "2019.04.13"]
[Round "7.5"]
[White "Hoang, Thi Bao Tram"]
[Black "Nomindalai Tumurbaatar"]
[Result "1/2-1/2"]
[ECO "A41"]
[WhiteElo "2298"]
[BlackElo "1958"]
[Annotator "ChessBase"]
[PlyCount "129"]
[EventDate "2019.04.07"]
[EventType "swiss"]
[EventRounds "9"]
[EventCountry "MGL"]
[SourceTitle "playchess.com"]
[Source "ChessBase"]
[SourceQuality "1"]
[TimeControl "40/5400+30:1800+30"]

1. d4 d6 2. c4 e5 3. Nf3 e4 4. Ng5 f5 5. g3 Nf6 6. Bg2 g6 7. Nc3 Bg7 8. h4 h6 9. Nh3 Be6 10. Qb3 Qc8 11. f3 exf3 12. Bxf3 c6 13. d5 Bf7 14. Bf4 O-O 15. Bxd6 Re8 16. Rd1 Nbd7 17. Nf2 Ne5 18. Bg2 Nh5 19. Nb1 b5 20. Nd2 bxc4 21. Nxc4 Nxc4 22. Qxc4 cxd5 23. Qd3 Bxb2 24. Bxd5 Bxd5 25. Qxd5+ Qe6 26. Qd3 Rad8 27. Qb3 Qxb3 28. axb3 Bc3+ 29. Kf1 Rxd6 30. Rxd6 Nxg3+ 31. Kg2 Nxh1 32. Nxh1 Rxe2+ 33. Kf3 Rh2 34. Ng3 Be5 35. Re6 Bd4 36. Ne2 Rh3+ 37. Kg2 Rxh4 38. Nxd4 Rg4+ 39. Kf2 Rxd4 40. Rxg6+ Kh7 41. Rf6 Rf4+ 42. Kg3 Rb4 43. Rf7+ Kg6 44. Rxa7 Rxb3+ 45. Kf4 Rb4+ 46. Kf3 Rb1 47. Ra8 Rf1+ 48. Kg2 Rf4 49. Kg3 Rg4+ 50. Kf3 h5 51. Rg8+ Kf6 52. Rf8+ Kg5 53. Rg8+ Kh4 54. Rf8 Rg5 55. Rf7 Kh3 56. Rh7 h4 57. Kf4 Rg4+ 58. Kf3 Kh2 59. Rh5 Kg1 60. Rxf5 Rg3+ 61. Ke2 h3 62. Rf1+ Kh2 63. Rf8 Kg2 64. Rf2+ Kh1 65. Rf8 1/2-1/2

[Event "Asian Zonal 3.3 Women 2019"]
[Site "Ulaanbaatar"]
[Date "2019.04.13"]
[Round "7.6"]
[White "Nguyen, Thi Thanh An"]
[Black "Pham, Bich Ngoc"]
[Result "*"]
[ECO "B00"]
[WhiteElo "2264"]
[BlackElo "2160"]
[Annotator "NA"]
[PlyCount "61"]
[EventDate "2019.04.07"]
[EventType "swiss"]
[EventRounds "9"]
[EventCountry "MGL"]
[SourceTitle "playchess.com"]
[Source "ChessBase"]
[SourceQuality "1"]
[TimeControl "40/5400+30:1800+30"]

1. d4 d6 2. e4 Nc6 3. d5 Ne5 (3... Nb8 4. c4 Nf6 5. Nc3 g6 6. h3 Bg7 7. Nf3 O-O 8. Bd3 e5 9. dxe6 Bxe6 10. O-O Nc6 11. Re1 Re8 12. Bf4 Nd7 13. Bf1 Nde5 14. Nd5 Nxf3+ 15. Qxf3 Ne5 {1-0 (40) Perez Ponsa,F (2553)-Shabalov,A (2544) chess.com INT 2018}) 4. Be2 Nf6 5. Nc3 e6 6. f4 {[%emt 0:03:52] B00: Queen's Fianchetto Defence, Nimzowitsch Defence} Ng6 7. dxe6 fxe6 8. Nf3 {[%emt 0:00:14] White is better.} Be7 9. O-O $146 ({Predecessor:} 9. Ng5 O-O 10. Bc4 d5 11. exd5 Nxd5 12. Nxd5 Bxg5 13. fxg5 exd5 14. Qxd5+ Qxd5 15. Bxd5+ {1-0 (60) Burnett,J (2105)-Flores,M (2027) Warwick 2018}) 9... O-O 10. g3 d5 11. Bd3 c5 12. e5 Nd7 (12... Ng4 $11) 13. h4 $36 {[%emt 0:11:24] White is on the roll.} c4 14. Bxg6 $1 hxg6 15. Be3 Nb8 16. Qe2 Nc6 17. Rad1 Qa5 18. a3 b5 (18... Bd7 $16) 19. Nd4 ({White should play} 19. h5 $1 $18 gxh5 20. Ng5) 19... Nxd4 20. Bxd4 ({But not} 20. Rxd4 $6 Bc5 $14) 20... b4 21. axb4 Qxb4 $2 {[%emt 0:00:19] [#]} (21... Bxb4 $16 {is a better defense.} 22. Qg4 Qc7) 22. Qg4 (22. h5 $142 $1 g5 {[#]} 23. h6 $1 ) 22... Bc5 23. Ne2 ({Less strong is} 23. Qxg6 Bxd4+ 24. Rxd4 Qxb2 $14) 23... Bxd4+ 24. Nxd4 Qxb2 $2 (24... Qe7 25. Qxg6 Rb8) 25. Qxg6 $2 (25. h5 $18 {is more deadly.} gxh5 26. Qxh5) 25... a5 $2 (25... Qb7 $16) 26. Nf3 $18 Qb6+ 27. Kh2 Rd8 28. Ng5 {[%emt 0:01:49] White mates.} Ra7 {[%emt 0:00:14] [#]} 29. f5 $1 Qe3 (29... exf5 30. Qxb6) 30. Qh7+ Kf8 31. fxe6+ {[%emt 0:00:08] Discovered Attack. Accuracy: White = 70%, Black = 23%.} *

[Event "Asian Zonal 3.3 Women 2019"]
[Site "Ulaanbaatar"]
[Date "2019.04.13"]
[Round "7.14"]
[White "Urangoo, Kherlenzorig"]
[Black "Mungunzul, Bat-Erdene"]
[Result "0-1"]
[ECO "A00"]
[WhiteElo "1475"]
[BlackElo "1906"]
[Annotator "NA RC"]
[PlyCount "124"]
[EventDate "2019.04.07"]
[EventType "swiss"]
[EventRounds "9"]
[EventCountry "MGL"]
[SourceTitle "playchess.com"]
[Source "ChessBase"]
[SourceQuality "1"]
[TimeControl "40/5400+30:1800+30"]

1. e4 e5 2. Nf3 Nc6 3. d4 exd4 4. Nxd4 Bc5 5. Nb3 Bb6 6. a4 a6 7. a5 Ba7 8. Nc3 d6 9. Qe2 Be6 10. g3 Nge7 11. Nd5 Qd7 12. Nxe7 Qxe7 13. Bg2 Qf6 14. O-O Ne5 15. Nd2 Bg4 16. Qe1 Bc5 17. Kh1 Nf3 18. Nxf3 Bxf3 19. c3 O-O 20. Qd2 Rfe8 21. Qd3 Bxg2+ 22. Kxg2 Qe6 23. b4 Ba7 24. f3 Rad8 25. Re1 f6 26. Bd2 Qf7 27. Rad1 g6 28. Qd5 c6 29. Qxf7+ Kxf7 30. Be3 Bb8 31. Bd4 Bc7 32. Re2 Re7 33. Rde1 Rc8 34. Ra1 Bd8 35. Kf2 Ke6 36. f4 Rd7 37. Rd2 f5 38. exf5+ gxf5 39. Be3 Bf6 40. Re1 Kf7 41. Bd4 c5 42. Bxf6 Kxf6 43. Red1 cxb4 44. cxb4 Rc6 45. h3 h5 46. Rd3 Kf7 47. Kf3 Rc4 48. Rd5 Ke6 49. R5d4 Rxd4 50. Rxd4 Rc7 51. Rd3 Rc1 52. g4 hxg4+ 53. hxg4 Rf1+ 54. Kg3 Rg1+ 55. Kf3 Rxg4 56. b5 Rg1 57. b6 Ra1 58. Rc3 Rxa5 59. Rc7 Kd5 60. Rxb7 Kc6 61. Rb8 Rb5 62. b7 Rxb7 0-1

[Event "Asian Zonal 3.3 Women 2019"]
[Site "Ulaanbaatar"]
[Date "2019.04.13"]
[Round "7.15"]
[White "Tsogzolmaa, Nanjid"]
[Black "Enkhsaran, Batsaikhan"]
[Result "0-1"]
[ECO "A00"]
[WhiteElo "1815"]
[BlackElo "1792"]
[Annotator "NA RC"]
[PlyCount "128"]
[EventDate "2019.04.07"]
[EventType "swiss"]
[EventRounds "9"]
[EventCountry "MGL"]
[SourceTitle "playchess.com"]
[Source "ChessBase"]
[SourceQuality "1"]
[TimeControl "40/5400+30:1800+30"]

1. d4 d5 2. Nf3 Nf6 3. Bf4 c5 4. e3 Nc6 5. c3 e6 6. Nbd2 Bd6 7. Bg3 O-O 8. Bd3 b6 9. e4 Be7 10. e5 Nh5 11. a3 g6 12. Nf1 Bb7 13. Qe2 Re8 14. Ne3 f5 15. exf6 Bxf6 16. Bb5 cxd4 17. cxd4 a6 18. Bxc6 Bxc6 19. Ng4 Bg7 20. a4 Qe7 21. Bh4 Qb4+ 22. Qd2 Bf8 23. O-O Qxd2 24. Nxd2 Rac8 25. Bg5 b5 26. axb5 Bxb5 27. Rfc1 Bd6 28. g3 Be2 29. f3 Bb5 30. Nb3 Kf8 31. Bd2 Kf7 32. Kf2 Nf6 33. Ne5+ Bxe5 34. dxe5 Nd7 35. f4 Bc4 36. Na5 Nc5 37. Kg1 Bb5 38. Bc3 Red8 39. Rd1 Rd7 40. Bd4 Nd3 41. Ra3 Nc1 42. Kh1 Ne2 43. b4 Nxd4 44. Rxd4 Rc1+ 45. Kg2 Rdc7 46. Ra2 Rb1 47. Kh3 Kg7 48. Kh4 Kh6 49. Rf2 Kg7 50. Rfd2 Ba4 51. Ra2 Bb5 52. Rad2 Ba4 53. g4 Rc3 54. f5 Rf1 55. f6+ Kf7 56. Nb7 h6 57. Nd6+ Kg8 58. R2d3 Rf3 59. Rxc3 Rxc3 60. g5 h5 61. Rd2 Rf3 62. Rd4 Bc2 63. Rxd5 exd5 64. e6 Bf5 0-1

[Event "Asian Zonal 3.3 Women 2019"]
[Site "Ulaanbaatar"]
[Date "2019.04.13"]
[Round "7.16"]
[White "Khongorzul, Davaakhuu"]
[Black "Munkhzul, Davaakhuu"]
[Result "1-0"]
[ECO "A00"]
[WhiteElo "1568"]
[BlackElo "1793"]
[Annotator "NA RC"]
[PlyCount "115"]
[EventDate "2019.04.07"]
[EventType "swiss"]
[EventRounds "9"]
[EventCountry "MGL"]
[SourceTitle "playchess.com"]
[Source "ChessBase"]
[SourceQuality "1"]
[TimeControl "40/5400+30:1800+30"]

1. e4 c5 2. Nf3 e6 3. c4 Nc6 4. g3 g6 5. d4 cxd4 6. Nxd4 Nf6 7. Bg2 Bg7 8. O-O O-O 9. Be3 e5 10. Nb5 b6 11. N1c3 Ne7 12. f4 Ne8 13. f5 Bb7 14. Bh3 d6 15. g4 a6 16. Na3 gxf5 17. exf5 Kh8 18. g5 Rg8 19. Bg4 d5 20. f6 d4 21. fxg7+ Rxg7 22. Qe1 dxe3 23. Rd1 Qc7 24. Qxe3 f5 25. Bxf5 Nd6 26. Bg4 Nxc4 27. Nxc4 Qxc4 28. h3 Rag8 29. Qxe5 Nc6 30. Qd5 Qb4 31. Qf5 Bc8 32. Qf6 Bxg4 33. hxg4 Qxg4+ 34. Kf2 Qh4+ 35. Ke2 Re8+ 36. Kd2 Qxg5+ 37. Qxg5 Rxg5 38. Rf6 Ne5 39. Kc2 Nc4 40. Kb3 Na5+ 41. Kc2 Rg2+ 42. Rd2 Rg1 43. b3 Rb8 44. Nd5 Rg6 45. Rdf2 Rc8+ 46. Kb2 Rc6 47. Rf8+ Kg7 48. R8f7+ Kh8 49. Ne7 Rce6 50. Nxg6+ Rxg6 51. Rc7 Kg8 52. Rfc2 b5 53. Ra7 Nc6 54. Rxa6 Nb4 55. Rxg6+ hxg6 56. Rd2 Kf7 57. Rd6 g5 58. a3 1-0

[Event "Asian Zonal 3.3 Women 2019"]
[Site "Ulaanbaatar"]
[Date "2019.04.13"]
[Round "7.17"]
[White "Lkhagvajed, Gantulga"]
[Black "Unurzul, Davaakhuu"]
[Result "1/2-1/2"]
[ECO "A00"]
[WhiteElo "1344"]
[BlackElo "1378"]
[Annotator "NA RC"]
[PlyCount "133"]
[EventDate "2019.04.07"]
[EventType "swiss"]
[EventRounds "9"]
[EventCountry "MGL"]
[SourceTitle "playchess.com"]
[Source "ChessBase"]
[SourceQuality "1"]
[TimeControl "40/5400+30:1800+30"]

1. e4 e5 2. Nf3 Nc6 3. Bc4 Bc5 4. c3 Nf6 5. d3 d6 6. O-O Be6 7. Bb3 d5 8. Qc2 O-O 9. Bg5 Be7 10. Nbd2 h6 11. Bh4 dxe4 12. dxe4 Bg4 13. h3 Bh5 14. Rad1 Nd7 15. Bg3 Bd6 16. Rc1 a6 17. Nh4 Na5 18. Nf5 Nc5 19. f3 Bg6 20. Rfe1 Bxf5 21. exf5 Nd3 22. Bh4 Nxe1 23. Bxe1 Nxb3 24. Nxb3 Qe7 25. Bf2 Rfe8 26. Qe4 b6 27. Kh2 Qg5 28. Be3 Qe7 29. Bf2 a5 30. a4 Qd8 31. Rd1 Qe7 32. Kh1 Rad8 33. Kh2 Kh8 34. Rd5 c6 35. Rd2 Qc7 36. Bh4 f6 37. Bf2 b5 38. axb5 cxb5 39. Rd5 a4 40. Nd2 a3 41. bxa3 Qxc3 42. Rd3 Qa5 43. Nb3 Qc7 44. Be1 Rc8 45. Bb4 Bxb4 46. axb4 Qc4 47. Nc5 Qxe4 48. fxe4 Red8 49. Rb3 Rd4 50. h4 Rc4 51. Kg3 Rd8 52. Kg4 Rdd4 53. Kh5 Rxb4 54. Ra3 Rd8 55. Kg6 Rc4 56. Ne6 Rg8 57. g4 Rxe4 58. g5 Rg4 59. Rd3 b4 60. Nd8 Rf8 61. Rd7 fxg5 62. Nf7+ Kg8 63. Nxh6+ gxh6 64. Rg7+ Kh8 65. Rh7+ Kg8 66. Rg7+ Kh8 67. Rh7+ 1/2-1/2

[Event "Asian Zonal 3.3 Women 2019"]
[Site "Ulaanbaatar"]
[Date "2019.04.13"]
[Round "7.18"]
[White "Ng, Sau Wai"]
[Black "Anujin, Bat-Amgalan"]
[Result "1/2-1/2"]
[ECO "A00"]
[WhiteElo "1154"]
[BlackElo "1407"]
[Annotator "NA RC"]
[PlyCount "105"]
[EventDate "2019.04.07"]
[EventType "swiss"]
[EventRounds "9"]
[EventCountry "MGL"]
[SourceTitle "playchess.com"]
[Source "ChessBase"]
[SourceQuality "1"]
[TimeControl "40/5400+30:1800+30"]

1. c4 Nf6 2. Nc3 e6 3. Nf3 Bb4 4. g3 Bxc3 5. bxc3 Nc6 6. Bg2 O-O 7. O-O Rb8 8. Rb1 d5 9. cxd5 exd5 10. Qc2 h6 11. Bb2 Be6 12. a3 Qd7 13. Nd4 Nxd4 14. cxd4 c6 15. d3 Bh3 16. Rbd1 Rfe8 17. Bc1 Bxg2 18. Kxg2 Re7 19. f3 Rbe8 20. Rfe1 Nh7 21. e4 Nf8 22. e5 f6 23. f4 Ng6 24. Qf2 Qg4 25. Kh1 f5 26. Rg1 Nf8 27. Qg2 Ne6 28. Be3 h5 29. h3 Qg6 30. Qh2 Rf7 31. Rdf1 Kf8 32. Qe2 Ke7 33. a4 Kd8 34. h4 Rc7 35. a5 Kd7 36. Rb1 Rec8 37. Kh2 Qf7 38. Rgc1 Kd8 39. Qd1 g6 40. Kg1 Qd7 41. Kf1 c5 42. dxc5 d4 43. Bf2 Rxc5 44. Rxc5 Rxc5 45. Qf3 Rb5 46. Rxb5 Qxb5 47. Be1 Kd7 48. Qd1 Qc6 49. Kf2 Qb5 50. Qd2 Nc5 51. Ke2 Qb3 52. Bf2 Ne6 53. Be1 1/2-1/2

[Event "Asian Zonal 3.3 Women 2019"]
[Site "Ulaanbaatar"]
[Date "2019.04.13"]
[Round "7.19"]
[White "Enkhnasan, Namjiljav"]
[Black "Khanyl, Chuluuntuya"]
[Result "0-1"]
[ECO "A00"]
[WhiteElo "1610"]
[BlackElo "1375"]
[Annotator "NA RC"]
[PlyCount "118"]
[EventDate "2019.04.07"]
[EventType "swiss"]
[EventRounds "9"]
[EventCountry "MGL"]
[SourceTitle "playchess.com"]
[Source "ChessBase"]
[SourceQuality "1"]
[TimeControl "40/5400+30:1800+30"]

1. d4 d5 2. c4 c6 3. Bf4 Nf6 4. e3 e6 5. Nf3 Bd6 6. Ne5 Nbd7 7. Nxc6 Qc7 8. Bxd6 Qxd6 9. Na5 b6 10. Nb3 Bb7 11. N1d2 O-O 12. Rc1 Rac8 13. f3 e5 14. Be2 Rfe8 15. O-O exd4 16. Nxd4 Qe7 17. Nc2 Ne5 18. cxd5 Bxd5 19. b3 Nc6 20. e4 Be6 21. Qe1 Nb4 22. Nxb4 Qxb4 23. Nc4 Qc5+ 24. Kh1 Qe7 25. Rd1 Red8 26. Rxd8+ Rxd8 27. Ne5 Qd6 28. Nc4 Qc5 29. h3 Nd7 30. Qh4 Rc8 31. Rd1 h6 32. f4 Nf6 33. f5 Bd7 34. e5 Nd5 35. Qd4 Qxd4 36. Rxd4 Bc6 37. Nd6 Rc7 38. Bf3 Ne3 39. Bxc6 Rxc6 40. Kg1 Rc2 41. Rd3 Rxg2+ 42. Kh1 Re2 43. e6 fxe6 44. fxe6 Re1+ 45. Kh2 Re2+ 46. Kg1 Nc2 47. Rg3 Rxe6 48. Nf5 g5 49. h4 Rf6 50. Ne7+ Kf7 51. hxg5 hxg5 52. Nc8 a6 53. Rxg5 Rc6 54. Na7 Rc7 55. Rh5 Kg6 56. Rh2 Nd4 57. Rg2+ Kf5 58. Rf2+ Ke4 59. Rf6 Rxa7 0-1

[Event "Asian Zonal 3.3 Women 2019"]
[Site "Ulaanbaatar"]
[Date "2019.04.14"]
[Round "8.1"]
[White "Nguyen, Thi Thanh An"]
[Black "Munguntuul, Batkhuyag"]
[Result "0-1"]
[ECO "D45"]
[WhiteElo "2264"]
[BlackElo "2415"]
[Annotator "ChessBase"]
[PlyCount "28"]
[EventDate "2019.04.07"]
[EventType "swiss"]
[EventRounds "9"]
[EventCountry "MGL"]
[SourceTitle "playchess.com"]
[Source "ChessBase"]
[SourceQuality "1"]
[TimeControl "40/5400+30:1800+30"]

1. d4 d5 2. c4 e6 3. Nf3 Nf6 4. Qc2 c6 5. e3 Nbd7 6. Nc3 Bd6 7. b3 O-O 8. Be2 b6 9. O-O Bb7 10. Bb2 Qe7 11. Rad1 Rad8 12. Rfe1 Rfe8 13. g3 c5 14. cxd5 exd5 0-1

[Event "Asian Zonal 3.3 Women 2019"]
[Site "Ulaanbaatar"]
[Date "2019.04.14"]
[Round "8.3"]
[White "Sihite, Chelsie Monica Igne"]
[Black "Aulia, Medina Warda"]
[Result "*"]
[ECO "C00"]
[WhiteElo "2227"]
[BlackElo "2362"]
[Annotator "NA"]
[PlyCount "69"]
[EventDate "2019.04.07"]
[EventType "swiss"]
[EventRounds "9"]
[EventCountry "MGL"]
[SourceTitle "playchess.com"]
[Source "ChessBase"]
[SourceQuality "1"]
[TimeControl "40/5400+30:1800+30"]

1. Nf3 Nf6 2. g3 b6 3. Bg2 Bb7 4. d3 e6 5. e4 d5 6. e5 Nfd7 7. O-O Be7 8. Re1 c5 9. Nbd2 Nc6 10. Nf1 Qc7 11. Qe2 Rc8 {[%emt 0:00:35] C00: French: Unusual White 2nd moves} 12. Bf4 O-O 13. h4 b5 14. h5 Rfe8 15. N1h2 {[%emt 0:04:17] [#]} (15. h6 $14) 15... a5 $146 ({Predecessor:} 15... h6 $15 16. Qd2 Nd4 17. Nxd4 cxd4 18. Re2 Qb6 19. Nf3 Rc7 {1-0 (45) Giuliani,S (2630)-Turkov,V (2533) ICCF email 2009}) 16. Ng4 Qd8 17. Rad1 a4 18. Qd2 c4 19. dxc4 bxc4 20. h6 g6 21. Bg5 c3 (21... Nd4 $14 22. Nf6+ Bxf6 23. exf6 Nxf3+ 24. Bxf3 Qb6) 22. bxc3 Ncb8 23. Rb1 Ba6 24. Rb4 Bc4 25. Rb7 Rc7 26. Bxe7 Rxe7 27. Rxc7 Qxc7 28. Qg5 Qd8 29. Rb1 Qf8 30. a3 Re8 31. Rb7 Be2 32. Nf6+ Nxf6 33. Qxf6 Bxf3 $18 34. Bxf3 Na6 35. g4 *

[Event "Asian Zonal 3.3 Women 2019"]
[Site "Ulaanbaatar"]
[Date "2019.04.14"]
[Round "8.4"]
[White "Munkhzul, Turmunkh"]
[Black "Vo, Thi Kim Phung"]
[Result "0-1"]
[ECO "C04"]
[WhiteElo "2348"]
[BlackElo "2349"]
[Annotator "NA"]
[PlyCount "50"]
[EventDate "2019.04.07"]
[EventType "swiss"]
[EventRounds "9"]
[EventCountry "MGL"]
[SourceTitle "playchess.com"]
[Source "ChessBase"]
[SourceQuality "1"]
[TimeControl "40/5400+30:1800+30"]

1. e4 e6 2. d4 d5 3. Nd2 Nc6 4. Ngf3 Nf6 5. e5 Nd7 6. Be2 f6 7. exf6 $1 Qxf6 {[%emt 0:03:42] LiveBook: 327 Games} 8. c3 Bd6 9. O-O O-O {[%emt 0:00:24] C04: French Tarrasch: 3...Nc6} 10. Re1 (10. Nb3 h6 11. Be3 b6 12. g3 Bb7 13. Nh4 Ne7 14. f4 Nf5 15. Ng2 c5 16. Bf2 Rac8 17. g4 {1-0 (40) Dervishi,E (2531)-Drasko,M (2521) Bratto 2006}) 10... e5 11. dxe5 Ndxe5 12. Nb3 $146 ({Predecessor:} 12. Nf1 Bg4 13. Qxd5+ Kh8 14. Ng3 Nxf3+ 15. gxf3 Bxf3 16. Bxf3 Qxf3 17. Qxf3 Rxf3 {0-1 (79) Oltian,V (1799)-Westerberg,J (2322) Maribor 2012}) 12... Ng4 13. Qxd5+ Be6 14. Qd1 $2 (14. Qg5 $11 {and White is okay.}) 14... Nxh2 15. Be3 Rad8 16. Nbd2 Nxf3+ 17. Bxf3 Qh4 18. g3 Bxg3 19. fxg3 Qxg3+ 20. Bg2 Ne5 21. Ne4 Qg6 22. Nd2 Rxd2 23. Bxd2 Bd5 24. Bg5 Nf3+ 25. Bxf3 Qxg5+ $17 (25... Bxf3 $19 {and Black stays clearly on top.} 26. Qb3+ Kh8) 0-1